 Dungeon Crawl Stone Soup version 0.23-a0-641-g0a7f1ce553 (webtiles) character file.

236517 HereIgoKillingAgain the Executioner (level 19, -12/179 HPs)
             Began as a Hill Orc Fighter on Dec 30, 2018.
             Was the Champion of Makhleb.
             Shot with a bolt by a yaktaur captain (19 damage)
             ... on level 2 of the Vaults.
             The game lasted 01:02:34 (30420 turns).

HereIgoKillingAgain the Executioner (HOFi)         Turns: 30420, Time: 01:02:34

Health: -12/179    AC: 32    Str: 21    XL:     19   Next: 66%
Magic:  31/31      EV:  9    Int: 12    God:    Makhleb [******]
Gold:   2770       SH:  0    Dex: 10    Spells: 18/18 levels left

rFire    + . .     SeeInvis .   K - +5 battleaxe (vamp)
rCold    + + +     Gourm    .   (shield currently unavailable)
rNeg     . . .     Faith    .   E - +7 ice dragon scales of Gravity {rF- rC++ Slay+2}
rPois    +         Spirit   .   P - +2 helmet
rElec    .         Reflect  .   v - scarf {rC+ rF+}
rCorr    +         Harm     .   y - +2 pair of gloves
MR       .....                  u - +1 pair of boots
Stlth    ++........             D - amulet of Oxi Zosk {*Corrode rPois Regen+ Int-2 Stlth+}
HPRegen  0.79/turn              e - ring of protection from fire
MPRegen  0.22/turn              G - ring of Oditeu {rCorr rC+ Stlth+}

@: vulnerable
A: no striking features
}: 1/15 runes: serpentine
a: Minor Destruction, Lesser Servant of Makhleb, Major Destruction, Greater
Servant of Makhleb, Renounce Religion


You were on level 2 of the Vaults.
You worshipped Makhleb.
Makhleb was exalted by your worship.
You were hungry.

You visited 7 branches of the dungeon, and saw 31 of its levels.
You visited the Abyss 3 times.
You also visited: Ossuary.

You collected 3216 gold pieces.
You spent 446 gold pieces at shops.

Inventory:

Hand Weapons
 F - the +2 executioner's axe "Muzaukixt" {venom, Dex+2}
   (You acquired it on level 3 of the Snake Pit)

   It poisons the flesh of those it strikes.
   It affects your dexterity (+2).
 K - a +5 vampiric battleaxe (weapon)
Armour
 u - a +1 pair of boots (worn)
 v - a scarf of resistance (worn)
 y - a +2 pair of gloves (worn)
 E - the +7 ice dragon scales of Gravity (worn) {rF- rC++ Slay+2}
   (You found it on level 6 of the Lair of Beasts)

   It affects your accuracy and damage with ranged weapons and melee attacks
   (+2).
   It makes you vulnerable to fire.
   It greatly protects you from cold.
 P - a +2 helmet (worn)
 Q - the +7 chain mail of Chimes {Dex+3}
   (You found it on level 2 of the Abyss)

   It affects your dexterity (+3).
Jewellery
 b - an uncursed ring of protection from magic
 e - a ring of protection from fire (left hand)
 o - an uncursed amulet of the acrobat {unknown}
 q - an uncursed ring of protection from magic
 x - an uncursed ring of protection from magic
 D - the amulet of Oxi Zosk (around neck) {*Corrode rPois Regen+ Int-2 Stlth+}
   (You found it on level 6 of the Lair of Beasts)

   [amulet of regeneration]

   It affects your intelligence (-2).
   It protects you from poison.
   It increases your rate of regeneration.
   It may corrode you when you take damage.
   It makes you more stealthy.
 G - the ring of Oditeu (right hand) {rCorr rC+ Stlth+}
   (You took it off an orc warrior on level 6 of the Dungeon)

   [ring of resist corrosion]

   It protects you from cold.
   It makes you more stealthy.
 I - an uncursed ring of protection from magic
 R - the amulet of Puako {Regen+ Str+4 Dex+8 Stlth-}
   (You found it on level 4 of the Snake Pit)

   [amulet of regeneration]

   It affects your strength (+4).
   It affects your dexterity (+8).
   It increases your rate of regeneration.
   It makes you less stealthy.
 S - an uncursed ring of see invisible {unknown}
 T - the amulet of Xamier {+Rage +Fly rElec rC-}
   (You found it on level 4 of the Snake Pit)

   [amulet of rage]

   It makes you vulnerable to cold.
   It insulates you from electricity.
   It lets you fly.
   It lets you go berserk.
Wands
 c - a wand of random effects (27)
 d - a wand of flame (66)
 t - a wand of disintegration (12)
 H - a wand of polymorph (22)
 J - a wand of paralysis (1)
 N - a wand of acid (20)
 W - a wand of digging (5)
 X - a wand of clouds (7)
Scrolls
 a - 3 scrolls of immolation
 g - 10 scrolls of teleportation
 h - 13 scrolls of remove curse
 m - 7 scrolls of enchant armour
 r - 2 scrolls of fear
 s - 6 scrolls of amnesia
 w - 5 scrolls of magic mapping
 z - a scroll of fog
 A - a scroll of holy word
 C - a scroll of silence
 V - 2 scrolls of identify
Potions
 i - 7 potions of lignification
 j - a potion of haste
 k - 6 potions of curing
 l - 5 potions of flight
 n - 6 potions of brilliance
 p - 4 potions of cancellation
 B - a potion of agility
 M - 3 potions of ambrosia
 O - a potion of mutation
 Z - a potion of might
Miscellaneous
 U - a lamp of fire
Comestibles
 f - 28 rations


   Skills:
 + Level 17.9 Fighting
 * Level 26.1 Axes
 + Level 15.1 Armour
   Level 3.2 Shields
 - Level 17.1 Invocations
 - Level 9.2 Evocations


You had 18 spell levels left.
You didn't know any spells.
Your spell library contained the following spells:

 Spells                   Type           Power        Failure   Level  Hunger
 Confusing Touch          Hex            #.....       61%         1    ##.....
 Flame Tongue             Conj/Fire      #....        61%         1    ##.....
 Magic Dart               Conj           #...         61%         1    ##.....
 Sandblast                Erth           #.....       61%         1    ##.....
 Summon Small Mammal      Summ           #...         61%         1    ##.....
 Blink                    Tloc           N/A          75%         2    ###....
 Call Imp                 Summ           #.......     75%         2    ###....
 Passwall                 Tmut/Erth      #.......     75%         2    ###....
 Slow                     Hex            #.......     75%         2    ###....
 Call Canine Familiar     Summ           #.......     93%         3    ####...
 Confuse                  Hex            #.......     93%         3    ####...
 Conjure Flame            Conj/Fire      #.......     93%         3    ####...
 Gell's Gravitas          Tloc           #.........   93%         3    ####...
 Mephitic Cloud           Conj/Pois/Air  #.......     93%         3    ####...
 Stone Arrow              Conj/Erth      #.....       93%         3    ####...
 Summon Guardian Golem    Hex/Summ       #.......     93%         3    ####...
 Cause Fear               Hex            #.........   100%        4    #####..
 Ice Form                 Ice/Tmut       #.......     100%        4    #####..
 Petrify                  Tmut/Erth      #.......     100%        4    #####..
 Summon Ice Beast         Ice/Summ       #.......     100%        4    #####..
 Summon Lightning Spire   Summ/Air       #.......     100%        4    #####..
 Lee's Rapid Deconstruct  Erth           #.........   100%        5    ######.
 Metabolic Englaciation   Hex/Ice        #.........   100%        5    ######.
 Yara's Violent Unravell  Hex/Tmut       #.........   100%        5    ######.
 Bolt of Cold             Conj/Ice       #.........   100%        6    #######
 Bolt of Fire             Conj/Fire      #.........   100%        6    #######
 Freezing Cloud           Conj/Ice/Air   #.........   100%        6    #######
 Ozocubu's Refrigeration  Ice            #.........   100%        6    #######
 Simulacrum               Ice/Necr       #.........   100%        6    #######
 Dragon Form              Tmut           #.........   100%        7    #######
 Dragon's Call            Summ           #.........   100%        9    #######


Dungeon Overview and Level Annotations

Branches:
Dungeon (15/15)            Temple (1/1) D:5            Lair (6/6) D:8
  Swamp (1/4) Lair:3        Snake (4/4) Lair:4        Slime (0/5) Lair:5
    Orc (2/2) D:11            Elf (0/3) Orc:2        Vaults (1/5) D:13
 Depths (0/5) D:15

Altars:
Ashenzari
Cheibriados
Dithmenos
Elyvilon
Fedhas
Gozag
Hepliaklqana
Kikubaaqudgha
Makhleb
Nemelex Xobeh
Okawaru
Qazlal
Ru
Sif Muna
Trog
Uskayaw
Vehumet
Wu Jian
Xom
Yredelemnul
Zin
The Shining One
Beogh
Jiyva

Shops:
D:8 ?   Orc:2 [((}   Snake:2 ??   Vaults:2 %

Portals:
Hell: Lair:6

Annotations:
D:8 1 runed door, lis82's ghost, novice DgEE
D:10 exclusion: ice statue
D:11 exclusion: orange crystal statue
Lair:1 1 runed door, exclusion: 2 oklob plants, lis82's ghost, journeyman DgWz


Message History

The stone giant is moderately wounded.
You slash the rakshasa! You slash the phantasmal warrior!
You slice the phantasmal warrior!!
You destroy the phantasmal warrior!
Makhleb accepts your kill.
You feel better. The stone giant barely misses you.
The yaktaur captain shoots a bolt.
The bolt hits you!!
* * * LOW HITPOINT WARNING * * *
You slice the stone giant!!
The stone giant is heavily wounded.
You miss the rakshasa. You slash the phantasmal warrior!
The phantasmal warrior hits you but does no damage.
The rakshasa hits you but does no damage.
Unknown command.
You feel much better. The stone giant hits you!!
* * * LOW HITPOINT WARNING * * *
The rakshasa barely misses you. The phantasmal warrior hits you!
* * * LOW HITPOINT WARNING * * *
The yaktaur captain shoots a bolt.
The bolt hits you!!
You die...

##....#..#####......#
......................
........########+#####
........########.## ###
........##....#...#....
######..##..2#.....#
#..##..####'###
#..##.###.RWR(#
+..###.#.#C@)#.#
#..##..#..#)#..#
#..'...R..c#...+
#..##..#..# #..#
#..###.#.# #.# #..#
.### ## #..# . ...# .
....#


You could see a stone giant, a yaktaur captain, 3 rakshasas and a phantasmal
warrior.

Vanquished Creatures
  Vashnia (Snake:2)
  Rupert (Lair:6)
  A tentacled starspawn (Abyss:2)
  A sphinx (Vaults:1)
  Kirke (Lair:6)
  Roxanne (Snake:3)
  8 nagarajas
  A vault warden (Vaults:1)
  An ironheart preserver (Vaults:1)
  Louise (D:14)
  A stone giant (Vaults:2)
  A dire elephant (Lair:6)
  A deep elf demonologist (Abyss:2)
  Snorg (Lair:5)
  Josephine (D:14)
  3 great orbs of eyes (Vaults:1)
  Fannar (Lair:3)
  3 yaktaur captains
  Erolcha (D:9)
  22 naga warriors
  8 vault guards (D:13)
  An alligator (Swamp:1)
  12 hydras
  6 ogre magi
  7 anacondas
  3 centaur warriors
  A death knight (D:15)
  31 two-headed ogres
  2 tengu warriors
  An orc high priest (Orc:2)
  7 death yaks
  3 thrashing horrors (Abyss:2)
  3 deep elf knights (Vaults:1)
  5 shock serpents
  A sun demon (Lair:6)
  6 naga sharpshooters
  2 wretched stars (Abyss:2)
  4 salamander mystics (Snake:4)
  A spatial maelstrom (Abyss:2)
  A large abomination (Abyss:2)
  2 unseen horrors
  A flayed ghost (Vaults:1)
  5 skeletal warriors (Vaults:1)
  3 starcursed masses (Abyss:2)
  14 naga ritualists
  3 ironbrand convokers
  2 lindwurms
  A phantasmal warrior (Vaults:2)
  A necromancer (Vaults:1)
  A harpy (Vaults:1)
  3 wizards
  Pikel (D:7)
  3 orc sorcerers
  4 orc knights
  3 deep elf magi
  2 wolf spiders
  14 ugly things
  8 mana vipers
  A manticore (D:14)
  10 elephants (Lair:6)
  2 worldbinders (Abyss:2)
  Maurice (D:10)
  8 salamanders
  3 vault sentinels (Vaults:1)
  2 centaur zombies
  2 cyclopes (Vaults:1)
  10 guardian serpents
  45 black mambas
  13 naga magi
  Joseph (D:9)
  Psyche (D:9)
  10 spiny frogs
  2 gargoyles (D:11)
  2 smoke demons
  5 orange demons (Lair:6)
  4 rime drakes
  5 komodo dragons
  4 yaktaurs
  2 tengu conjurers
  A hydra zombie (Abyss:2)
  A freezing wraith (Vaults:2)
  A red devil (Lair:6)
  8 trolls
  A harpy zombie (D:12)
  4 hornets
  5 blink frogs
  3 meliai (D:15)
  2 tyrant leeches (Swamp:1)
  Prince Ribbit (D:7)
  4 raiju (Abyss:2)
  16 slime creatures
  3 bog bodies (Swamp:1)
  8 hippogriffs
  4 small abominations (Abyss:2)
  A redback (Vaults:2)
  A shadow (D:15)
  2 spriggans
  A tarantella (Vaults:2)
  2 wyverns
  A ynoxinul (Abyss:2)
  5 wraiths
  Sigmund (D:3)
  A tarantella (shapeshifter) (Vaults:1)
  4 hogs (Lair:6)
  43 yaks
  5 basilisks
  A chaos spawn (Abyss:2)
  A hungry ghost (D:8)
  A neqoxec (Abyss:2)
  3 wargs
  4 vampire mosquitoes (Swamp:1)
  55 nagas
  A water moccasin (shapeshifter) (D:14)
  2 acid dragons
  8 porcupines
  4 hell hounds (Lair:6)
  9 water moccasins
  21 orc warriors
  3 sky beasts
  2 swamp drakes (Swamp:1)
  A hornet zombie (D:7)
  3 ice beasts
  3 slaves (D:7)
  4 phantoms
  26 ogres
  An eye of draining (D:12)
  6 boggarts (Vaults:1)
  A necrophage (D:7)
  20 centaurs
  3 wolves (Lair:5)
  A human skeleton (Vaults:1)
  12 crocodiles
  15 bullfrogs
  A yaktaur zombie (Vaults:1)
  2 wyvern zombies
  An elf simulacrum (Vaults:1)
  4 scorpions
  6 killer bees (D:11)
  5 howler monkeys
  2 electric eels
  2 bullfrog zombies
  11 crimson imps
  A quasit (D:7)
  3 hounds
  3 jellies
  2 centaur skeletons
  23 orc priests
  3 bullfrog skeletons
  An iron imp (Abyss:2)
  Natasha (thrice) (D:3)
  3 iguanas
  Terence (D:3)
  19 orc wizards
  11 worker ants
  8 mummies (Ossuary)
  3 hound skeletons
  2 worker ant zombies
  Robin (D:3)
  3 gnolls (D:4)
  12 adders
  2 shadow imps
  An ooze (D:2)
  3 worms
  2 dart slugs (D:4)
  4 leopard geckos
  72 orcs
  4 ball pythons
  4 giant cockroaches
  17 goblins
  5 hobgoblins
  9 jackals
  5 quokkas
  6 bats
  3 frilled lizards
  2 gnoll zombies (Ossuary)
  A hobgoblin zombie (Ossuary)
  7 kobolds
  5 kobold zombies (Ossuary)
  A leopard gecko zombie (D:5)
  7 rats
  4 fungi
  4 plants
  2 starspawn tentacles (Abyss:2)
1007 creatures vanquished.

Vanquished Creatures (collateral kills)
  A nagaraja (Snake:4)
  An entropy weaver (Vaults:2)
  A great orb of eyes (Vaults:2)
  An anaconda (Snake:4)
  2 ogre magi (Orc:2)
  4 two-headed ogres (Orc:2)
  4 naga sharpshooters (Snake:2)
  A shock serpent (Snake:4)
  A salamander mystic (Snake:4)
  A naga ritualist (Snake:4)
  A mana viper (Snake:2)
  A guardian serpent (Snake:4)
  2 naga magi (Snake:4)
  2 trolls (Orc:2)
  A slime creature (Vaults:2)
  4 nagas (Snake:4)
  2 orc warriors (Orc:2)
  9 ogres (Orc:2)
  A boggart (Vaults:2)
  An orc wizard (Orc:2)
  An orc (Orc:2)
42 creatures vanquished.

Vanquished Creatures (others)
  A nagaraja (Snake:4)
  A naga (Snake:4)
  An orc warrior (Vaults:1)
  4 fungi
  A lurking horror (Abyss:2)
  3 plants (Lair:6)
  2 withered plants (Lair:1)
13 creatures vanquished.

Grand Total: 1062 creatures vanquished

Notes
Turn   | Place    | Note
-------+----------+-------------------------------------------
     0 | D:1      | HereIgoKillingAgain the Hill Orc Fighter began the quest
                  | for the Orb.
     0 | D:1      | Reached XP level 1. HP: 19/19 MP: 1/1
    44 | D:1      | Reached skill level 3 in Axes
   152 | D:1      | Reached XP level 2. HP: 24/26 MP: 2/2
   345 | D:1      | Reached skill level 4 in Axes
   637 | D:2      | Reached XP level 3. HP: 22/31 MP: 3/3
   750 | D:2      | Reached skill level 5 in Axes
  1177 | D:2      | Reached XP level 4. HP: 39/39 MP: 4/4
  1466 | D:3      | Noticed Natasha
  1474 | D:3      | Killed Natasha
  1474 | D:3      | Reached skill level 6 in Axes
  1558 | D:3      | Noticed Natasha
  1569 | D:3      | Killed Natasha
  1594 | D:3      | Noticed Natasha
  1598 | D:3      | Killed Natasha
  1598 | D:3      | Reached XP level 5. HP: 34/45 MP: 3/5
  1613 | D:3      | Reached skill level 7 in Axes
  1715 | D:3      | Found an opulent altar of Gozag.
  1716 | D:3      | Noticed Robin
  1727 | D:3      | Killed Robin
  1967 | D:3      | Noticed Sigmund
  1977 | D:3      | Killed Sigmund
  1977 | D:3      | Reached skill level 9 in Axes
  1977 | D:3      | Reached XP level 6. HP: 40/51 MP: 6/6
  1981 | D:3      | Noticed Terence
  1985 | D:3      | Killed Terence
  2241 | D:3      | Noticed a phantom
  2268 | D:3      | Killed a phantom
  2268 | D:3      | Reached XP level 7. HP: 44/57 MP: 7/7
  2451 | D:4      | Reached skill level 10 in Axes
  2837 | D:4      | Reached skill level 1 in Evocations
  3215 | D:4      | Found a hazy altar of Hepliaklqana.
  3443 | D:5      | Entered Level 5 of the Dungeon
  3443 | D:5      | Found a hide-covered altar of Uskayaw.
  3443 | D:5      | Noticed a +0 dagger
  3443 | D:5      | Noticed a +0 hand axe
  3499 | D:5      | Reached skill level 11 in Axes
  3499 | D:5      | Reached XP level 8. HP: 20/64 MP: 9/9
  3851 | D:5      | Found a staircase to the Ecumenical Temple.
  3883 | Temple   | Entered the Ecumenical Temple
  4154 | D:6      | Found a sand-covered staircase.
  4211 | Ossuary  | Entered an ossuary
  4739 | D:6      | Identified the ring of Oditeu {rCorr rC+ Stlth+}
  4748 | D:6      | Reached skill level 12 in Axes
  5061 | D:6      | Found a burning altar of Makhleb.
  5062 | D:6      | Found a radiant altar of Vehumet.
  5072 | D:6      | Reached skill level 5 in Evocations
  5076 | D:6      | Became a worshipper of Makhleb the Destroyer
  5161 | D:6      | Reached skill level 1 in Invocations
  5164 | D:6      | Reached XP level 9. HP: 23/70 MP: 12/12
  5734 | D:7      | Found a shadowy altar of Dithmenos.
  5744 | D:7      | Noticed Prince Ribbit
  5754 | D:7      | Killed Prince Ribbit
  6280 | D:7      | Noticed Pikel
  6303 | D:7      | Killed Pikel
  6303 | D:7      | Reached skill level 13 in Axes
  6303 | D:7      | Reached skill level 5 in Invocations
  6475 | D:7      | Reached * piety under Makhleb
  6870 | D:8      | Reached XP level 10. HP: 77/77 MP: 15/15
  6918 | D:8      | Found a runed door.
  7075 | D:8      | Noticed a death yak
  7075 | D:8      | Noticed a death yak
  7076 | D:8      | Found a staircase to the Lair.
  7077 | D:8      | Noticed a death yak
  7092 | D:8      | Killed a death yak
  7092 | D:8      | Reached skill level 5 in Fighting
  7093 | D:8      | Killed a death yak
  7093 | D:8      | Reached skill level 14 in Axes
  7093 | D:8      | Reached skill level 5 in Armour
  7101 | D:8      | Killed a death yak
  7301 | D:8      | Noticed a five-headed hydra
  7307 | D:8      | Killed a five-headed hydra
  7307 | D:8      | Reached XP level 11. HP: 85/91 MP: 17/17
  7441 | D:8      | Reached ** piety under Makhleb
  7455 | D:8      | Found a sacrificial altar of Ru.
  7463 | D:8      | Found Kuzy's Magic Scroll Shoppe.
  7490 | D:8      | Found a glowing golden altar of the Shining One.
  7490 | D:8      | Found a blossoming altar of Fedhas.
  7491 | D:8      | Found a stormy altar of Qazlal.
  7491 | D:8      | Found a bloodstained altar of Trog.
  7491 | D:8      | Noticed a two-headed ogre
  7492 | D:8      | Found an ancient bone altar of Kikubaaqudgha.
  7500 | D:8      | Killed a two-headed ogre
  7652 | D:8      | Noticed lis82's ghost (novice DgEE)
  7759 | D:8      | Bought a scroll of identify for 22 gold pieces
  7759 | D:8      | Bought a scroll of identify for 22 gold pieces
  7759 | D:8      | Bought a scroll of identify for 22 gold pieces
  7759 | D:8      | Bought a scroll of identify for 22 gold pieces
  7759 | D:8      | Bought a scroll of identify for 22 gold pieces
  7759 | D:8      | Bought a scroll of enchant armour for 82 gold pieces
  7764 | D:8      | Reached XP level 12. HP: 113/113 MP: 18/18
  7765 | D:8      | Reached skill level 15 in Fighting
  7765 | D:8      | Reached XP level 13. HP: 127/127 MP: 19/19
  7912 | D:9      | Noticed Erolcha
  7936 | D:9      | Killed Erolcha
  8300 | D:9      | Noticed Joseph
  8311 | D:9      | Killed Joseph
  8311 | D:9      | Reached skill level 15 in Axes
  8361 | D:9      | Noticed Psyche
  8377 | D:9      | Killed Psyche
  8377 | D:9      | Reached skill level 10 in Invocations
  8505 | D:10     | Entered Level 10 of the Dungeon
  8638 | D:10     | Noticed Maurice
  8654 | D:10     | Killed Maurice
  8721 | D:10     | Got an encrusted hat
  8727 | D:10     | Identified the -3 hat of Fisiv {rC+ rN+ Str-2} (You found
                  | it on level 10 of the Dungeon)
  8997 | D:11     | Reached *** piety under Makhleb
  9484 | D:11     | Found a staircase to the Orcish Mines.
 10351 | D:12     | Reached **** piety under Makhleb
 11107 | D:13     | Noticed a vault guard
 11108 | D:13     | Noticed a vault guard
 11111 | D:13     | Reached skill level 16 in Axes
 11126 | D:12     | Reached XP level 14. HP: 98/135 MP: 22/22
 11345 | Lair:1   | Entered Level 1 of the Lair of Beasts
 11514 | Lair:1   | Found a runed door.
 11514 | Lair:1   | Noticed lis82's ghost (journeyman DgWz)
 13109 | Lair:3   | Reached skill level 10 in Armour
 13272 | Lair:3   | Noticed Fannar
 13283 | Lair:3   | Killed Fannar
 13491 | Lair:3   | Found a staircase to the Swamp.
 14220 | Lair:4   | Identified a scroll of acquirement
 14305 | Lair:4   | Found a shadowy altar of Dithmenos.
 14628 | Lair:4   | Reached ***** piety under Makhleb
 14815 | Lair:4   | Found a staircase to the Snake Pit.
 14830 | Lair:4   | Reached skill level 17 in Axes
 15235 | Lair:5   | Found a viscous altar of Jiyva.
 15235 | Lair:5   | Found a staircase to the Slime Pits.
 15245 | Lair:5   | Noticed Snorg
 16441 | Lair:6   | Entered Level 6 of the Lair of Beasts
 16456 | Lair:6   | Noticed a cacodemon
 16729 | Lair:6   | Noticed Rupert
 16764 | Lair:5   | Killed Snorg
 17062 | Lair:6   | Killed Rupert
 17072 | Lair:6   | Reached XP level 15. HP: 141/141 MP: 24/24
 17194 | Lair:6   | Reached skill level 18 in Axes
 17265 | Lair:6   | Noticed Kirke
 17286 | Lair:6   | Killed Kirke
 18419 | Lair:6   | Cast into level 2 of the Abyss (a wizard)
 18419 | Abyss:2  | Found a roughly hewn altar of Beogh.
 18449 | Abyss:2  | Found a corrupted altar of Lugonu.
 18459 | Lair:6   | Escaped the Abyss
 18678 | Lair:6   | Found a burning altar of Makhleb.
 19181 | Lair:6   | Found a gateway to Hell.
 19189 | Lair:6   | Got a flickering iron amulet
 19190 | Lair:6   | Got translucent ice dragon scales
 19204 | Lair:6   | Identified the +7 ice dragon scales of Gravity {rF- rC++
                  | Slay+2} (You found it on level 6 of the Lair of Beasts)
 19205 | Lair:6   | Identified the amulet of Oxi Zosk {*Corrode rPois Regen+
                  | Int-2 Stlth+} (You found it on level 6 of the Lair of
                  | Beasts)
 19422 | Orc:1    | Entered Level 1 of the Orcish Mines
 19619 | Orc:2    | Entered Level 2 of the Orcish Mines
 19679 | Orc:2    | Found a staircase to the Elven Halls.
 19697 | Orc:2    | Reached skill level 19 in Axes
 19708 | Orc:2    | Found Haicoff's Gadget Boutique.
 19715 | Orc:2    | Found Imepnooth's Weapon Shoppe.
 19735 | Orc:2    | Found Qatohel's Armour Shop.
 19735 | Orc:2    | Found Voklut's Antique Weapon Shoppe.
 19744 | Orc:2    | Reached ****** piety under Makhleb
 19750 | Orc:2    | Reached XP level 16. HP: 149/149 MP: 27/27
 19834 | Orc:2    | Reached skill level 15 in Invocations
 20245 | Orc:1    | Reached skill level 20 in Axes
 20323 | Orc:1    | Found a roughly hewn altar of Beogh.
 21207 | D:13     | Found a gate to the Vaults.
 21546 | D:14     | Noticed Louise
 21549 | D:14     | Cast into level 3 of the Abyss (Louise)
 21549 | Abyss:3  | Found a corrupted altar of Lugonu.
 21556 | Abyss:3  | Noticed a hellephant
 21591 | D:14     | Escaped the Abyss
 21597 | D:15     | Entered Level 15 of the Dungeon
 21883 | D:15     | Reached skill level 21 in Axes
 22414 | D:15     | Found a staircase to the Depths.
 22643 | D:14     | Noticed Josephine
 22654 | D:14     | Killed Josephine
 22856 | D:14     | Cast into level 2 of the Abyss (Louise)
 23018 | Abyss:2  | Got a faintly humming chain mail
 23043 | Abyss:2  | Paralysed by accursed screaming for 1 turns
 23296 | Abyss:2  | Reached skill level 22 in Axes
 23341 | Abyss:2  | Noticed a tentacled starspawn
 23351 | Abyss:2  | Killed a tentacled starspawn
 23351 | Abyss:2  | Reached XP level 17. HP: 156/156 MP: 29/29
 23438 | D:14     | Escaped the Abyss
 23463 | D:14     | Killed Louise
 23720 | D:14     | Found a deep blue altar of Sif Muna.
 23971 | Swamp:1  | Entered Level 1 of the Swamp
 23973 | Swamp:1  | Identified the +7 chain mail of Chimes {Dex+3} (You found
                  | it on level 2 of the Abyss)
 24181 | Snake:1  | Entered Level 1 of the Snake Pit
 24296 | Snake:1  | You fall through a shaft!
 24944 | Snake:1  | Reached skill level 23 in Axes
 25554 | Snake:2  | Found Pomuon's Magic Scroll Shop.
 25561 | Snake:2  | Bought a scroll of enchant weapon for 127 gold pieces
 25561 | Snake:2  | Bought a scroll of silence for 127 gold pieces
 25624 | Snake:2  | Found Muhusiot's Magic Scroll Shop.
 25627 | Snake:2  | Noticed Vashnia
 25975 | Snake:2  | Killed Vashnia
 26419 | Snake:3  | Identified Roxanne's Disquisition on Moulding
 26419 | Snake:3  | Noticed Roxanne
 26464 | Snake:3  | Killed Roxanne
 26565 | Snake:3  | Reached XP level 18. HP: 150/166 MP: 23/30
 26581 | Snake:3  | Got a scorched executioner's axe
 26582 | Snake:3  | Identified the +2 executioner's axe "Muzaukixt" {venom,
                  | Dex+2} (You acquired it on level 3 of the Snake Pit)
 27048 | Snake:4  | Entered Level 4 of the Snake Pit
 27056 | Snake:4  | Reached skill level 24 in Axes
 27262 | Snake:4  | Got a steaming golden amulet
 27359 | Snake:4  | Got a crude copper amulet
 27360 | Snake:4  | Identified the amulet of Puako {Regen+ Str+4 Dex+8 Stlth-}
                  | (You found it on level 4 of the Snake Pit)
 27361 | Snake:4  | Identified the amulet of Xamier {+Rage +Fly rElec rC-} (You
                  | found it on level 4 of the Snake Pit)
 28431 | Snake:4  | Reached skill level 25 in Axes
 28594 | Snake:4  | Reached XP level 19. HP: 177/177 MP: 31/31
 28661 | Snake:4  | Got a serpentine rune of Zot
 29000 | Vaults:1 | Entered Level 1 of the Vaults
 29019 | Vaults:1 | Paralysed by a great orb of eyes for 5 turns
 29033 | Vaults:1 | Paralysed by a great orb of eyes for 5 turns
 30185 | Vaults:1 | Reached skill level 15 in Armour
 30216 | Vaults:1 | You fall through a shaft!
 30227 | Vaults:2 | Reached skill level 26 in Axes
 30354 | Vaults:2 | Found Apnull's Food Shoppe.
 30420 | Vaults:2 | HP: 7/179 [phantasmal warrior (illusionary)[a death knight]
                  | (11)]
 30420 | Vaults:2 | Shot with a bolt by a yaktaur captain

Vault maps used:
D:1:      shiori_arrival_oz
D:2:      serial_bayou, serial_bayou_crossing, serial_bayou_shore_a,
          serial_bayou_pond_b, serial_bayou_lagoon_a, serial_bayou_pond_a
D:3:      nicolae_gozag_seed_capital, first_ration, serial_bayou_lake_a,
          uniq_terence, uniq_sigmund, uniq_natasha, uniq_robin
D:4:      overflow_temple_1_default
D:5:      dancing_weapons_uskayaw, minmay_temple_entry_junction_2
D:6:      grunt_temple_overflow_lords_of_destruction,
          nicolae_ossuary_entry_ruins, kennysheep_generic_room_6
D:7:      grunt_dithmenos_smoke_and_mirrors, uniq_pikel, uniq_prince_ribbit1
D:8:      grunt_temple_overflow_open, dpeg_lair_monsters,
          ebering_ghost_reflecting_pool, serial_shops,
          nicolae_shop_competitors_out_of_business
D:9:      grunt_pizzeria, uniq_psyche, uniq_joseph, uniq_erolcha
D:10:     lemuel_ice_statue, minmay_puff, uniq_maurice
D:11:     minmay_distorted_concentric_squares, david_orc_2, minivault_16,
          eino_tiny_chamber, chequers_serial_rivers_room_a, grunt_ministairs_14,
          chequers_arboretum
D:13:     minmay_evil_eye, erik_vaults_2, minmay_fractal_squares_5
D:14:     lemuel_blue_sif_altar, uniq_josephine, uniq_louise
D:15:     grunt_enter_depths_snipers, serial_column_ruins,
          column_ruins_square_medium, column_ruins_grid_4,
          column_ruins_corridor_dead_end, column_ruins_grid_1,
          column_ruins_open_tiny, column_ruins_grid_1, column_ruins_open_small,
          column_ruins_corridor_dead_end
Temple:   jpeg_temple_clearing
Lair:1:   gammafunk_ghost_grave, minmay_lair_oklob_chamber, lemuel_fruit_tree
Lair:2:   infiniplex_staircase_pool_2
Lair:3:   swamp_mist_pool, grunt_megastairs_2, uniq_fannar
Lair:4:   guppyfry_snake_entry_island, basic_altar, grunt_megastairs_5,
          infiniplex_staircase_pool
Lair:5:   slime_altar_1, lemuel_fruit_fields, grunt_megastairs_3, uniq_snorg
Lair:6:   evil_forest, grunt_megastairs_4, serial_bayou_shore_b,
          serial_bayou_shore_b, uniq_rupert, uniq_kirke
Swamp:1:  serial_swamp_ruin, evilmike_swamp_ruin_house_2,
          evilmike_swamp_ruin_rubble_2
Snake:1:  nicolae_snake_linked_coils, serial_bayou_shore_b, serial_bayou_shore_b
Snake:2:  serial_shops, shop_scrolls, minmay_shop_grid_forest, uniq_vashnia
Snake:3:  basic_stair_grate_trap, uniq_roxanne
Snake:4:  johnstein_snake_rune_scales, grunt_ministairs_6, serial_bayou_shore_b
Orc:1:    basic_altar
Orc:2:    st_orc_ogre_mass
Vaults:1: v_misc_4, v_alt_pattern_3, v_misc_25, vaults_room_fancy_cross,
          ontoclasm_vaults_chip, vaults_room_pool, vaults_dpeg_doors,
          ontoclasm_vaults_bender, dpeg_vaults_monster_box, grunt_vaults_funnel
Vaults:2: advil_vaults_ghost_guards, nicolae_vaults_triangles,
          minmay_crypt_entry_simple_sparse, v_rooms_4,
          ontoclasm_vaults_shuriken, v_pattern_4, v_rooms_5,
          vaults_room_semicircle, hangedman_vaults_restitches,
          ontoclasm_vaults_idyll, serial_ice_h, grunt_vaults_hallway_long,
          vaults_room_corners, serial_shops, nicolae_shop_statue_plus
Abyss:2:  hangedman_abyss_feature_spike
Abyss:3:  evilmike_abyss_rune_elephants_shrine
Ossuary:  ossuary_tomb_3

Skill      XL: |  1  2  3  4  5  6  7  8  9 10 11 12 13 14 15 16 17 18 19 |
---------------+----------------------------------------------------------+-----
Axes           | 3 4 5 6 9 11 12 13 14 16 17 19 22 23 25 26 | 26.1
Evocations     | 2 5 7 9 |  9.2
Invocations    | 1 6 8 9 11 12 14 16 17 | 17.1
Fighting       | 6 12 15 16 17 | 17.9
Armour         | 6 9 11 12 13 14 15 | 15.1
Shields        | |  3.2

Action                   |  1- 3 |  4- 6 |  7- 9 | 10-12 | 13-15 | 16-18 | 19-21 || total
-------------------------+-------+-------+-------+-------+-------+-------+-------++-------
Melee: War axe           |    90 |   100 |   400 |   101 |   587 |       |       ||  1278
       Battleaxe         |       |       |       |       |   546 |  1468 |   317 ||  2331
Invok: Greater Servant o |       |       |       |       |     3 |     8 |     2 ||    13
Evoke: Wand              |       |       |    12 |     4 |    55 |    12 |       ||    83
       Lamp of fire      |       |       |       |       |       |     1 |       ||     1
  Use: Potion            |       |     1 |     2 |     4 |    13 |     8 |     1 ||    29
       Scroll            |       |       |    19 |     5 |    14 |    18 |       ||    56
 Stab: Invisible         |       |       |       |       |     5 |       |       ||     5
       Sleeping          |       |       |       |       |     2 |     1 |     2 ||     5
       Paralysed         |       |       |       |       |       |     2 |       ||     2
       Distracted        |       |       |       |       |       |     4 |     1 ||     5
  Eat: Chunk             |       |     5 |    10 |     4 |    15 |    12 |     2 ||    48
       Ration            |       |       |     1 |     2 |     8 |     7 |     1 ||    19
Armor: Scale mail        |    38 |    50 |    70 |       |       |       |       ||   158
       Plate armour      |       |       |   157 |    47 |   758 |       |       ||   962
       Skin              |       |       |    18 |       |       |       |       ||    18
       Ice dragon scales |       |       |       |       |    48 |  1086 |   226 ||  1360
Dodge: Dodged            |    25 |    28 |    68 |    18 |   375 |   625 |   116 ||  1255
Block: Shield            |    57 |    54 |   149 |     7 |       |       |       ||   267
       Buckler           |       |       |       |    17 |   148 |       |       ||   165

Table legend:
 A = Non-vault XP
 B = Vault XP
 C = Vault XP percentage of total XP
 D = Non-vault monster count
 E = Vault monster count
 F = Vault count percentage of total count
                 A         B        C        D         E       F
            +---------+---------+-------+---------+---------+-------
      Total |  208123 |  137642 |  39.8 |     744 |     295 |  28.4
            +---------+---------+-------+---------+---------+-------
        D:1 |      22 |       3 |  12.0 |      14 |       2 |  12.5
        D:2 |      36 |      21 |  36.8 |      10 |       6 |  37.5
        D:3 |     287 |     318 |  52.6 |      23 |      15 |  39.5
        D:4 |     428 |       0 |   0.0 |      26 |       0 |   0.0
        D:5 |     136 |       0 |   0.0 |       4 |       0 |   0.0
        D:6 |     932 |      51 |   5.2 |      20 |       2 |   9.1
        D:7 |    1271 |     885 |  41.0 |      25 |       2 |   7.4
        D:8 |    3043 |    3584 |  54.1 |      22 |       8 |  26.7
        D:9 |    1888 |    1957 |  50.9 |      20 |       4 |  16.7
       D:10 |     833 |     555 |  40.0 |       7 |       4 |  36.4
       D:11 |    2945 |    2098 |  41.6 |      29 |      14 |  32.6
       D:12 |    6201 |       0 |   0.0 |      28 |       0 |   0.0
       D:13 |    6038 |   10334 |  63.1 |      22 |      21 |  48.8
       D:14 |    4615 |    3256 |  41.4 |      19 |       5 |  20.8
       D:15 |   14697 |    2516 |  14.6 |      47 |       4 |   7.8
     Lair:1 |    4509 |       0 |   0.0 |      15 |       0 |   0.0
     Lair:2 |    1795 |       0 |   0.0 |      10 |       0 |   0.0
     Lair:3 |    3453 |    1023 |  22.9 |      14 |       1 |   6.7
     Lair:4 |    5565 |     825 |  12.9 |      21 |       2 |   8.7
     Lair:5 |    6127 |    1185 |  16.2 |      20 |       1 |   4.8
     Lair:6 |   10574 |   21029 |  66.5 |      35 |      37 |  51.4
    Swamp:1 |    4675 |       0 |   0.0 |      15 |       0 |   0.0
    Snake:1 |   14833 |       0 |   0.0 |      31 |       0 |   0.0
    Snake:2 |   19351 |    6770 |  25.9 |      34 |       6 |  15.0
    Snake:3 |   17392 |    1904 |   9.9 |      36 |       1 |   2.7
    Snake:4 |   17909 |   45543 |  71.8 |      32 |      79 |  71.2
      Orc:1 |    5423 |       0 |   0.0 |      42 |       0 |   0.0
      Orc:2 |    3415 |   15948 |  82.4 |      29 |      38 |  56.7
   Vaults:1 |   31833 |   13529 |  29.8 |      56 |      20 |  26.3
   Vaults:2 |    3567 |    4158 |  53.8 |      10 |       7 |  41.2
    Abyss:2 |   14330 |       0 |   0.0 |      28 |       0 |   0.0
    Ossuary |       0 |     150 | 100.0 |       0 |      16 | 100.0
            +---------+---------+-------+---------+---------+-------
